 Dungeon Crawl Stone Soup version 0.30-a0-1043-g60ff8d5f49 (webtiles) character file.

Game seed: 1627884904868319230

109790 Iich the Severer (level 16, -11/132 (134) HPs)
             Began as a Demonspawn Fighter on Apr 10, 2023.
             Was the Champion of Okawaru.
             Killed by divine providence
             ... invoked by a smoke demon
             ... summoned by an orc high priest
              (15 damage)
             ... on level 2 of the Orcish Mines.
             The game lasted 01:10:32 (29510 turns).

Iich the Severer (Demonspawn Fighter)              Turns: 29510, Time: 01:10:32

HP:   -11/132 (134) AC: 31    Str: 24    XL:     16   Next: 5%
MP:   0/16          EV:  6    Int:  6    God:    Okawaru [******]
Gold: 2520          SH:  0    Dex: 22    Spells: 15/15 levels left

rFire   + . .      SeeInvis +    b - +7 broad axe (vamp)
rCold   + . .      Faith    .    O - +2 kite shield
rNeg    + . .      Spirit   +    k - +7 crystal plate armour of Yvoidd {Contam Harm rPois Int-2}
rPois   +          Reflect  .    (helmet unavailable)
rElec   +          Rampage  .    M - +1 cloak of a treasure trove {rC+ Int-5 Dex+4}
rCorr   .          Harm     + .  Z - +2 pair of gloves {hurl}
Will    +....                    s - +2 pair of boots Stlth
                                 I - amulet of magic regeneration
HPRegen 0.42/turn                z - ring "Dycsa" {rElec rC- rN+ Str+4 Stlth+}
MPRegen 0.70/turn                p - ring "Nyali" {rElec Str+2 Int+2 Slay+4 Stlth+}

@: confused, lethally poisoned (-11 -> -13), about to teleport, ambrosia-drunk,
studying 2 skills, lightly drained
A: antennae 3, large bone plates 2, ignite blood 1, magic shield, magic
regeneration, magic link, cold resistance 1, fire resistance 1
a: Renounce Religion, Heroism, Finesse, Duel


You were on level 2 of the Orcish Mines.
You worshipped Okawaru.
Okawaru was exalted by your worship.
You visited 4 branches of the dungeon, and saw 23 of its levels.
You also visited: Sewer, Gauntlet and Ice Cave.

You collected 3071 gold pieces.
You spent 551 gold pieces at shops.

Inventory:

Hand Weapons
 a - the +9 broad axe of the Baleful God {drain, rC+ Str-2 Int+6 Dex+2}
   (Okawaru gifted it to you on level 3 of the Lair of Beasts)

   Str:       It affects your strength (-2).
   Int:       It affects your intelligence (+6).
   Dex:       It affects your dexterity (+2).
   rC:        It protects you from cold.
 b - a +7 vampiric broad axe (weapon)
 E - a +0 broad axe of venom
Missiles
 c - 5 throwing nets
 Q - 2 silver boomerangs (quivered)
Armour
 k - the +7 crystal plate armour of Yvoidd (worn) {Contam Harm rPois Int-2}
   (Okawaru gifted it to you on level 13 of the Dungeon)

   Int:       It affects your intelligence (-2).
   rPois:     It protects you from poison.
   Contam:    It causes magical contamination when unequipped.
   Harm:      It increases damage dealt and taken.
 s - a +2 pair of boots (worn)
 M - the +1 cloak of a treasure trove (worn) {rC+ Int-5 Dex+4}
   (You found it on level 15 of the Dungeon)

   Int:       It affects your intelligence (-5).
   Dex:       It affects your dexterity (+4).
   rC:        It protects you from cold.
 O - a +2 kite shield (worn)
 T - +3 shadow dragon scales
 Y - the scarf of Exclusion {harm, rPois rF- rCorr Str+4}
   (You found it on level 5 of the Lair of Beasts)

   Str:       It affects your strength (+4).
   rF:        It makes you vulnerable to fire.
   rPois:     It protects you from poison.
   rCorr:     It protects you from acid and corrosion.
 Z - a +2 pair of gloves of hurling (worn)
Jewellery
 m - a ring of protection from cold
 p - the ring "Nyali" (right hand) {rElec Str+2 Int+2 Slay+4 Stlth+}
   (You found it on level 10 of the Dungeon)

   [ring of slaying]

   Str:       It affects your strength (+2).
   Int:       It affects your intelligence (+2).
   Slay:      It affects your accuracy & damage with ranged weapons and melee
   (+4).
   rElec:     It insulates you from electricity.
   Stlth:     It makes you more stealthy.
 z - the ring "Dycsa" (left hand) {rElec rC- rN+ Str+4 Stlth+}
   (You found it in a Gauntlet)

   [ring of positive energy]

   Str:       It affects your strength (+4).
   rC:        It makes you vulnerable to cold.
   rElec:     It insulates you from electricity.
   rN:        It protects you from negative energy.
   Stlth:     It makes you more stealthy.
 C - a ring of resist corrosion
 F - a ring of protection from fire
 I - an amulet of magic regeneration (around neck)
 N - a ring of positive energy
 U - a +4 ring of slaying
Wands
 y - a wand of mindburst (6)
 A - a wand of paralysis (24)
 D - a wand of digging (3)
 K - a wand of iceblast (16)
 L - a wand of light (10)
 V - a wand of flame (11)
Scrolls
 e - 7 scrolls of fog
 f - 2 scrolls of amnesia
 g - 4 scrolls of fear
 i - a scroll of magic mapping
 l - 2 scrolls of brand weapon
 r - a scroll of poison
 t - 8 scrolls of teleportation
 w - a scroll of immolation
 B - 3 scrolls of blinking
 G - 2 scrolls of vulnerability
 R - 3 scrolls of silence
Potions
 d - 4 potions of might
 h - 2 potions of haste
 j - 3 potions of mutation
 n - 2 potions of resistance
 q - 5 potions of curing
 u - a potion of attraction
 v - 2 potions of cancellation
 x - 2 potions of ambrosia
 H - 3 potions of berserk rage
 J - a potion of invisibility
 P - a potion of lignification
 S - 4 potions of brilliance
 W - 2 potions of magic
Miscellaneous
 X - a phial of floods


   Skills:
 + Level 14.9 Fighting
 * Level 18.8 Axes
 + Level 11.5 Throwing
 - Level 2.6 Armour
 + Level 7.7 Dodging
 + Level 11.3 Shields


You had 15 spell levels left.
You didn't know any spells.
Your spell library contained the following spells:

 Spells                   Type           Power      Damage    Failure   Level
 Beastly Appendage        Tmut           0%         N/A       100%        1
 Necrotise                Necr           0%         1d4       100%        1
 Sandblast                Erth           0%         2d4       100%        1
 Shock                    Conj/Air       0%         1d3       100%        1
 Sting                    Tmut/Pois      0%         1d3       100%        1
 Cigotuvi's Dreadful Rot  Necr/Pois/Air  0%         N/A       100%        2
 Passwall                 Tmut/Erth      0%         N/A       100%        2
 Poisonous Vapours        Pois/Air       0%         N/A       100%        2
 Scorch                   Fire           0%         2d5       100%        2
 Static Discharge         Conj/Air       0%         2-2/arc   100%        2
 Sublimation of Blood     Necr           0%         N/A       100%        2
 Wereblood                Tmut           0%         N/A       100%        2
 Ozocubu's Armour         Ice            0%         N/A       100%        3
 Spider Form              Tmut/Pois      0%         N/A       100%        3
 Stone Arrow              Conj/Erth      0%         3d7       100%        3
 Swiftness                Air            0%         N/A       100%        3
 Vampiric Draining        Necr           0%         2d6       100%        3
 Airstrike                Air            0%         2d(0-16)  100%        4
 Anguish                  Hex/Necr       0%         N/A       100%        4
 Cause Fear               Hex            0%         N/A       100%        4
 Dispel Undead            Necr           0%         3d6       100%        4
 Flame Wave               Conj/Fire      0%         2d4       100%        4
 Olgreb's Toxic Radiance  Pois           0%         N/A       100%        4
 Petrify                  Tmut/Erth      0%         N/A       100%        4
 Agony                    Necr           0%         N/A       100%        5
 Irradiate                Conj/Tmut      0%         3d11      100%        5
 Eringya's Noxious Bog    Tmut/Pois      0%         N/A       100%        6
 Enfeeble                 Hex            0%         N/A       100%        7
 Ozocubu's Refrigeration  Ice            0%         4d7       100%        7
 Lehudib's Crystal Spear  Conj/Erth      0%         10d2      100%        8
 Animate Armour           Summ/Erth      Unusable   N/A       N/A         4
 Summon Lightning Spire   Summ/Air       Unusable   N/A       N/A         4
 Summon Forest            Summ/Tloc      Unusable   N/A       N/A         5
 Death Channel            Necr           Unusable   N/A       N/A         6
 Summon Cactus Giant      Summ           Unusable   N/A       N/A         6
 Summon Hydra             Summ           Unusable   N/A       N/A         7

Dungeon Overview and Level Annotations

Branches:
Dungeon (15/15)            Temple (1/1) D:6            Lair (5/5) D:11
  Swamp (0/4) Lair:2        Snake (0/4) Lair:3        Slime (0/5) Lair:5
    Orc (2/2) D:9             Elf (0/3) Orc:2        Vaults (0/5) D:13
 Depths (0/4) D:15          Sewer (visited)           IceCv (visited)
Gauntlet (visited)

Altars:
Ashenzari
Cheibriados
Dithmenos
Fedhas
Gozag
Hepliaklqana
Kikubaaqudgha
Makhleb
Nemelex Xobeh
Okawaru
Qazlal
Ru
Sif Muna
Trog
Uskayaw
Vehumet
Wu Jian
Xom
Yredelemnul
Jiyva
Lugonu

Shops:
D:1 [   D:4 !   D:5 *   D:8 ?   D:9 *   D:11 (   Orc:2 (


Innate Abilities, Weirdness & Mutations

You have a pair of large antennae on your head. (SInv)
You are mostly covered in large bone plates. (SH +6)
Your demonic aura sometimes causes spilled blood to erupt in flames.
When hurt, damage is shared between your health and your magic reserves.
You regenerate magic rapidly.
When low on magic, you restore magic in place of health.
Your flesh is cold resistant. (rC+)
Your flesh is heat resistant. (rF+)


Message History

The orange demon stings you.
* * * LOW HITPOINT WARNING * * *
The orange demon barely misses you.
The soul eater hits you but does no damage.
Things that are here:
a +2 glaive of protection; a +0 chain mail You take 22 damage, and have 51/134 hp.
You now have 0/16 mp.
You completely miss the orange demon. You closely miss the orc warrior.
You barely miss the soul eater.
You feel sick.
The orc high priest no longer looks unusually strong.
The orc warrior no longer looks unusually strong. x2
The orc high priest calls down the wrath of Beogh upon you.
Beogh smites you!
* * * LOW HITPOINT WARNING * * *
The orc warrior throws a boomerang.
You block the boomerang.
The orc warrior hits you with a +0 long sword.
* * * LOW HITPOINT WARNING * * *
You block the orc high priest's attack. You block the orange demon's attack. x2
You take 21 damage, and have 30/134 hp.
Unknown command.
As you read the scroll of teleportation, it crumbles to dust.
You feel strangely unstable.
You feel sick.
The soul eater hits you but does no damage.
You block the orc warrior's attack.
The orc priest mumbles some strange prayers to Beogh against you.
Beogh smites you!
* * * LOW HITPOINT WARNING * * *
The orc high priest barely misses you. The orange demon barely misses you.
You block the orange demon's attack.
You take 13 damage, and have 17/134 hp.
You are confused.
You feel invigorated.
You feel sick.
The orc priest no longer looks unusually strong.
The soul eater hits you!
* * * LOW HITPOINT WARNING * * *
You partially resist.
You feel drained.
* * * LOW HITPOINT WARNING * * *
The smoke demon gestures at you. Beogh smites you!
You die...

*,,,,,,,,,,{,,*#......)..
*,...#...#,,..##.........
*.........,...##$...^....
*....#...#,...*#......)<.
*#...........#*#.......).
#...#..4#...# #....)....
*#...4oo3..#* #.........
#..#oo4#o.# #......$..
*#3.o3@)o#* #......... ####
###o#o### #......... ##..#
#.))).# #.......#. #...#
###.#.### #....).... ##..#
##...))).## #......... ##..#
#..#...#..# #........# #...#
##.........## #......... ##..#
#...#...#...# ##..###...
##..###...........###....#.#..


You could see a soul eater (summoned), 2 orc high priests, an orange demon
(summoned), a rust devil (summoned), 2 smoke demons, a red devil (summoned), 4
orc warriors and 3 orc priests.

Vanquished Creatures
  Gastronok (D:8)
  A minotaur (Gauntlet)
  A dire elephant (Lair:3)
  Snorg (Orc:1)
  An ettin (D:15)
  Harold (D:10)
  A rakshasa (D:15)
  An ogre mage (D:13)
  6 centaur warriors
  11 hydras
  Erica (D:8)
  8 two-headed ogres
  7 tengu warriors
  4 boulder beetles
  2 death yaks (Lair:3)
  3 orc high priests (Orc:2)
  A sun demon (D:15)
  A sixfirhy (Gauntlet)
  5 skysharks
  2 fire crabs
  5 skeletal warriors
  A goliath frog (Lair:5)
  A deep troll (D:15)
  10 orc knights
  2 wizards
  Pikel (D:5)
  A lindwurm (Lair:3)
  A necromancer (D:15)
  3 deep elf pyromancers
  An orc sorcerer (Orc:1)
  6 cyclopes
  2 manticores
  2 oklob plants
  5 ugly things
  6 black mambas
  3 ice statues (IceCv)
  6 elephants
  A torpor snail (Lair:3)
  21 cane toads
  2 gargoyles
  A rime drake (Lair:3)
  A kobold demonologist (D:11)
  An unseen horror (D:11)
  3 efreet
  3 yaktaurs (D:13)
  2 tengu conjurers (D:14)
  18 komodo dragons
  3 ice devils
  10 trolls
  A hornet (D:7)
  Grinder (D:5)
  2 polar bears
  2 tyrant leeches (Lair:5)
  A raiju (Gauntlet)
  6 slime creatures (D:12)
  20 blink frogs
  7 dream sheep
  A centaur simulacrum (D:14)
  A culicivora (shapeshifter) (D:14)
  A vampire (D:9)
  A shadow (D:12)
  A fire elemental (D:10)
  7 wyverns
  A human (shapeshifter) (D:11)
  2 fire bats (D:10)
  A large abomination (Gauntlet)
  44 yaks
  2 wraiths
  2 basilisks
  2 death yak simulacra (IceCv)
  4 steam dragons
  Eustachio (D:5)
  14 vampire mosquitoes
  A harpy simulacrum (IceCv)
  4 swamp worms
  6 small abominations (Gauntlet)
  A warg (Orc:1)
  2 hell hounds (D:10)
  15 water moccasins
  A hydra simulacrum (IceCv)
  Pargi (Sewer)
  33 orc warriors
  5 sky beasts
  14 ice beasts
  4 boggarts
  4 ogres
  9 centaurs
  4 phantoms
  6 kobold brigands
  18 bullfrogs
  7 gnoll sergeants
  2 cane toad simulacra (IceCv)
  A scorpion (D:5)
  11 wights
  A troll zombie (D:9)
  An elephant simulacrum (IceCv)
  6 killer bees (D:9)
  3 howler monkeys
  7 electric eels
  4 crimson imps (D:15)
  8 hounds
  4 gnoll boudas
  33 orc priests
  14 jellies
  2 sleepcaps
  Ijyb (D:5)
  3 iguanas
  18 orc wizards
  6 hell rats (Lair:5)
  A polar bear simulacrum (IceCv)
  7 ogre zombies (D:9)
  31 gnolls
  13 adders
  10 river rats (Lair:5)
  A shadow imp (D:7)
  7 white imps
  6 ufetubi
  2 worms
  A dart slug (D:4)
  88 orcs
  9 endoplasms
  5 giant cockroaches
  12 goblins
  8 hobgoblins
  A jackal (shapeshifter) (D:14)
  10 jackals
  3 quokkas
  5 ball pythons
  2 bats (D:2)
  2 frilled lizards (D:1)
  4 goblin skeletons (D:9)
  5 goblin zombies (D:9)
  A hobgoblin skeleton (D:9)
  2 hobgoblin zombies (D:9)
  22 kobolds
  3 orc skeletons (D:9)
  10 orc zombies (D:9)
  9 rats
846 creatures vanquished.

Vanquished Creatures (others)
  A wyvern (Lair:3)
  2 demonic plants (Temple)
  15 fungi
  93 plants
111 creatures vanquished.

Grand Total: 957 creatures vanquished

Notes
Turn   | Place    | Note
-------+----------+-------------------------------------------
     0 | D:1      | Iich the Demonspawn Fighter began the quest for the Orb.
     0 | D:1      | Reached XP level 1. HP: 18/18 MP: 1/1
    50 | D:1      | Reached skill level 2 in Axes
   195 | D:1      | Gained mutation: You regenerate magic rapidly. [demonic
                  | ancestry]
   195 | D:1      | Reached XP level 2. HP: 11/24 MP: 2/2
   278 | D:1      | Found Buatifin's Armour Emporium.
   390 | D:1      | Gained mutation: When hurt, damage is shared between your
                  | health and your magic reserves. [demonic ancestry]
   390 | D:1      | Reached XP level 3. HP: 29/29 MP: 3/3
   711 | D:2      | You fall into a shaft and drop 1 floor!
   826 | D:3      | Reached skill level 3 in Axes
   911 | D:3      | Found an iron altar of Okawaru.
   947 | D:3      | Found a broken altar of Ashenzari.
  1382 | D:2      | Reached XP level 4. HP: 37/37 MP: 4/4
  1548 | D:2      | Reached skill level 4 in Axes
  1550 | D:2      | Reached XP level 5. HP: 17/42 MP: 2/5
  2929 | D:4      | Found Reexu's Distillery.
  2942 | D:4      | Bought a potion of berserk rage for 70 gold pieces
  3133 | D:4      | Identified the +7 long sword "Tormentor" {flame, Fragile
                  | rElec rPois Stlth+}
  3263 | D:4      | Found a glowing drain.
  3301 | Sewer    | Entered a sewer
  3357 | Sewer    | Noticed Pargi
  3377 | Sewer    | Killed Pargi
  3378 | Sewer    | Reached skill level 5 in Axes
  3378 | Sewer    | Gained mutation: Your demonic aura sometimes causes spilled
                  | blood to erupt in flames. [demonic ancestry]
  3378 | Sewer    | Reached XP level 6. HP: 43/49 MP: 6/6
  4110 | D:4      | Reached skill level 5 in Fighting
  4377 | D:5      | Entered Level 5 of the Dungeon
  4397 | D:5      | Gained mutation: You are partially covered in large bone
                  | plates. (SH +4) [demonic ancestry]
  4397 | D:5      | Reached XP level 7. HP: 31/56 MP: 5/7
  4525 | D:5      | Reached skill level 6 in Axes
  4673 | D:5      | Found a stormy altar of Qazlal.
  4696 | D:5      | Found a bloodstained altar of Trog.
  4699 | D:5      | Found an ornate altar of the Wu Jian Council.
  4699 | D:5      | Found a shadowy altar of Dithmenos.
  4699 | D:5      | Found a shimmering blue altar of Sif Muna.
  4699 | D:5      | Found a burning altar of Makhleb.
  4699 | D:5      | Found a sacrificial altar of Ru.
  4700 | D:5      | Found a shimmering altar of Xom.
  4930 | D:5      | Noticed Ijyb
  4936 | D:5      | Paralysed by Ijyb for 4 turns
  4942 | D:5      | Paralysed by Ijyb for 5 turns
  4949 | D:5      | Killed Ijyb
  5109 | D:1      | Bought a +0 pair of gloves for 63 gold pieces
  5346 | D:5      | Noticed Pikel
  5356 | D:5      | Killed Pikel
  5357 | D:5      | Reached skill level 8 in Axes
  5357 | D:5      | Reached XP level 8. HP: 45/65 MP: 6/8
  5478 | D:5      | Found Nitolica's Assorted Antiques.
  5602 | D:5      | Noticed Grinder
  5620 | D:5      | Killed Grinder
  5657 | D:5      | Noticed Eustachio
  5676 | D:5      | Killed Eustachio
  6367 | D:6      | Reached skill level 9 in Axes
  6383 | D:6      | Gained mutation: You have a pair of small antennae on your
                  | head. [demonic ancestry]
  6383 | D:6      | Reached XP level 9. HP: 41/72 MP: 0/9
  6675 | D:5      | HP: 1/74 [sky beast (3)]
  7532 | D:6      | Reached skill level 10 in Axes
  7655 | D:6      | Found a staircase to the Ecumenical Temple.
  7663 | Temple   | Entered the Ecumenical Temple
  7949 | D:3      | Became a worshipper of Warmaster Okawaru
  8919 | D:5      | Bought a potion of heal wounds for 160 gold pieces
  8987 | D:7      | Reached * piety under Okawaru
  9032 | D:7      | Found an opulent altar of Gozag.
  9049 | D:7      | Reached skill level 11 in Axes
  9049 | D:7      | Reached XP level 10. HP: 74/82 MP: 10/10
 10258 | D:7      | Gained mutation: Your flesh is cold resistant. (rC+)
                  | [potion of mutation]
 10258 | D:7      | Gained mutation: Your flesh is heat resistant. (rF+)
                  | [potion of mutation]
 11320 | D:8      | Found Iwnuic's Magic Scroll Shop.
 11336 | D:8      | Bought a scroll of enchant armour for 105 gold pieces
 11370 | D:8      | Noticed Gastronok
 11390 | D:8      | Killed Gastronok
 11390 | D:8      | Reached ** piety under Okawaru
 11390 | D:8      | Reached *** piety under Okawaru
 11391 | D:8      | Reached skill level 10 in Fighting
 11391 | D:8      | Reached skill level 12 in Axes
 11683 | D:8      | Noticed Erica
 11697 | D:8      | Killed Erica
 12103 | D:9      | Found a staircase to the Orcish Mines.
 12283 | D:9      | Gained mutation: You are mostly covered in large bone
                  | plates. (SH +6) [demonic ancestry]
 12283 | D:9      | Reached XP level 11. HP: 92/92 MP: 11/11
 12369 | D:9      | Reached skill level 13 in Axes
 12369 | D:9      | Reached **** piety under Okawaru
 13638 | D:9      | Found Deunwepa's Elemental Accessories.
 13657 | D:9      | Bought a wand of iceblast (4) for 153 gold pieces
 13918 | D:9      | Found a radiant altar of Vehumet.
 14297 | D:10     | Entered Level 10 of the Dungeon
 14307 | D:10     | Noticed a two-headed ogre
 14318 | D:10     | Killed a two-headed ogre
 14820 | D:10     | Identified the ring "Nyali" {rElec Str+2 Int+2 Slay+4
                  | Stlth+}
 14855 | D:10     | Found a transporter.
 15070 | D:10     | Found a transporter.
 15226 | D:10     | Noticed Harold
 15236 | D:10     | Reached skill level 14 in Axes
 15238 | D:10     | Killed Harold
 15238 | D:10     | Reached ***** piety under Okawaru
 15510 | D:11     | Noticed a two-headed ogre
 15520 | D:11     | Killed a two-headed ogre
 15891 | D:11     | Gained mutation: You have a pair of antennae on your head.
                  | [demonic ancestry]
 15891 | D:11     | Reached XP level 12. HP: 102/102 MP: 12/12
 15907 | D:11     | Found a staircase to the Lair.
 15917 | D:11     | Received a gift from Okawaru
 16097 | D:11     | Reached skill level 1 in Throwing
 16124 | D:11     | Reached skill level 15 in Axes
 16341 | D:11     | Noticed a two-headed ogre
 16347 | D:11     | Killed a two-headed ogre
 16347 | D:11     | Reached ****** piety under Okawaru
 16439 | D:11     | Noticed a centaur warrior
 16439 | D:11     | Noticed a boulder beetle
 16439 | D:11     | Noticed a boulder beetle
 16451 | D:11     | Noticed a centaur warrior
 16453 | D:11     | Killed a centaur warrior
 16453 | D:11     | Received a gift from Okawaru
 16468 | D:11     | Killed a boulder beetle
 16475 | D:11     | Killed a centaur warrior
 16477 | D:11     | Killed a boulder beetle
 16491 | D:11     | Identified the ring "Abaoheaf" {Int+4 SInv}
 16819 | D:11     | Identified the +11 trident "Zoec Leu" {protect, rElec
                  | Str+4}
 17004 | D:11     | Noticed a two-headed ogre
 17011 | D:11     | Killed a two-headed ogre
 17154 | D:11     | Reached skill level 1 in Dodging
 17226 | D:11     | Found Xerghiow's Antique Weapon Boutique.
 17341 | Lair:1   | Entered Level 1 of the Lair of Beasts
 17376 | Lair:1   | Noticed an eight-headed hydra
 17378 | Lair:1   | Noticed an eight-headed hydra
 17534 | Lair:1   | Killed a five-headed hydra
 17536 | Lair:1   | Killed a six-headed hydra
 17885 | Lair:1   | Found the +1 robe of Vines {NoPotionHeal Regen++++}
 17893 | Lair:1   | Gained mutation: You have a pair of large antennae on your
                  | head. (SInv) [demonic ancestry]
 17893 | Lair:1   | Reached XP level 13. HP: 69/109 MP: 10/13
 18056 | Lair:1   | Identified 2 scrolls of acquirement
 18056 | Lair:1   | Acquired a +0 broad axe of venom
 18058 | Lair:1   | Acquired a manual of Throwing
 18523 | Lair:2   | Received a gift from Okawaru
 18524 | Lair:2   | Reached skill level 16 in Axes
 18748 | Lair:2   | Reached skill level 5 in Throwing
 18762 | Lair:2   | Reached skill level 5 in Shields
 19042 | Lair:2   | Received a gift from Okawaru
 19416 | Lair:2   | Found a staircase to the Swamp.
 19715 | Lair:3   | Received a gift from Okawaru
 19869 | Lair:3   | Noticed a dire elephant
 19878 | Lair:3   | Received a gift from Okawaru
 19886 | Lair:3   | Killed a dire elephant
 19932 | Lair:3   | Identified the +2 leather armour of the Arcane {Will+}
 19962 | Lair:3   | Identified the +9 broad axe of the Baleful God {drain, rC+
                  | Str-2 Int+6 Dex+2} (Okawaru gifted it to you on level 3 of
                  | the Lair of Beasts)
 19962 | Lair:3   | Received a gift from Okawaru
 19991 | Lair:3   | Gained mutation: When low on magic, you restore magic in
                  | place of health. [demonic ancestry]
 19991 | Lair:3   | Reached XP level 14. HP: 27/118 MP: 1/14
 20245 | Lair:3   | Reached skill level 17 in Axes
 20699 | Lair:3   | Found a staircase to the Snake Pit.
 21111 | Lair:4   | Reached skill level 5 in Dodging
 21731 | Lair:4   | Found a shimmering altar of Xom.
 22037 | Lair:5   | Entered Level 5 of the Lair of Beasts
 22040 | Lair:5   | Received a gift from Okawaru
 22408 | Lair:5   | Identified the scarf of Exclusion {harm, rPois rF- rCorr
                  | Str+4}
 22587 | Lair:5   | Found a staircase to the Slime Pits.
 22587 | Lair:5   | Found a viscous altar of Jiyva.
 23633 | D:13     | Identified the +7 crystal plate armour of Yvoidd {Contam
                  | Harm rPois Int-2} (Okawaru gifted it to you on level 13 of
                  | the Dungeon)
 23633 | D:13     | Received a gift from Okawaru
 24138 | D:13     | Found a frozen archway.
 24217 | D:13     | Reached XP level 15. HP: 126/126 MP: 15/15
 24270 | IceCv    | Entered an ice cave
 24760 | IceCv    | Identified the +7 scimitar "Igown" {venom, rElec rN+ Dex-5}
 24988 | D:13     | Reached skill level 18 in Axes
 24992 | D:13     | Reached skill level 10 in Throwing
 25135 | D:13     | Found a gate to the Vaults.
 25406 | D:14     | Reached skill level 10 in Shields
 26048 | D:15     | Entered Level 15 of the Dungeon
 26062 | D:15     | Received a gift from Okawaru
 26142 | D:15     | Found a staircase to the Depths.
 26420 | D:15     | Found the +3 hat of Pondering {ponderous, Will+ MP+10
                  | Int+5}
 26695 | D:15     | Identified the +1 cloak of a treasure trove {rC+ Int-5
                  | Dex+4}
 26866 | D:15     | Received a gift from Okawaru
 27337 | Orc:1    | Entered Level 1 of the Orcish Mines
 27409 | Orc:1    | Noticed Snorg
 27420 | Orc:1    | Killed Snorg
 27744 | Orc:2    | Entered Level 2 of the Orcish Mines
 27822 | Orc:2    | Found a staircase to the Elven Halls.
 27951 | Orc:2    | Found Napno's Antique Weapon Shoppe.
 28051 | Orc:2    | Found a gate leading to a gauntlet.
 28056 | Gauntlet | Entered a Gauntlet
 28056 | Gauntlet | Found a transporter.
 28056 | Gauntlet | Found a transporter.
 28056 | Gauntlet | Found a transporter.
 28315 | Gauntlet | Found a transporter.
 28318 | Gauntlet | Found a transporter.
 28328 | Gauntlet | Found a transporter.
 28395 | Gauntlet | Found a transporter.
 28407 | Gauntlet | Found a transporter.
 28421 | Gauntlet | Found a transporter.
 28431 | Gauntlet | Found a transporter.
 28446 | Gauntlet | Found a transporter.
 28452 | Gauntlet | Found a transporter.
 29023 | Gauntlet | Identified the ring "Dycsa" {rElec rC- rN+ Str+4 Stlth+}
 29478 | Orc:2    | Reached XP level 16. HP: 95/134 MP: 14/16
 29510 | Orc:2    | HP: 6/134 [soul eater[an orc high priest] (14)]
 29510 | Orc:2    | Killed from afar by a smoke demon

Illustrated notes

Levels and vault maps discovered:
D:1:      matt_arrival_refuge, layout_basic, serial_shops, shop,
          minmay_pentomino_u4
D:2:      layout_loops_ring, hangedman_feature_mirror, minmay_tiny_reverse_x
D:3:      mumra_celtic_spiral_tile, layout_basic, good_gods_mini_temple,
          mainiacjoe_overflow_tiny_flanked,
          hellmonk_okawaru_the_only_friend_you_need
D:4:      layout_layer_cave, portal_sewer_entry_f, serial_shops,
          nicolae_diamond_shop
D:5:      layout_loops_cross, grunt_temple_overflow_open, serial_shops, shop,
          uniq_eustachio, uniq_grinder, uniq_pikel, uniq_ijyb
D:6:      layout_cave_pools, temple_green, serial_gnoll_camp,
          gnoll_camp_huts_basic, gnoll_camp_mini_hut, gnoll_camp_mini_house,
          gnoll_camp_mini_basic, minmay_joined_circles
D:7:      layout_basic, nicolae_gozag_cash_rules_everything_around_me,
          hangedman_misty_isle
D:8:      layout_loops_corners, serial_shops, nicolae_stop_n_shop_1, uniq_erica,
          uniq_gastronok
D:9:      minmay_twisted_water, layout_loops_ring, mainiacjoe_overflow_24_doors,
          zombieorc2_lemuel, grunt_decor_one_mirror, nicolae_elemental_shop,
          kennysheep_generic_room_10
D:10:     gammafunk_cloud_chamber, layout_basic, corner_web_ring, uniq_harold
D:11:     minmay_the_grid_triangle_9x9_recursive_2
          [minmay_the_grid_triangle_9x9_prize_center,
          minmay_the_grid_triangle_9x9_from_above,
          minmay_the_grid_triangle_9x9_thin_v,
          minmay_the_grid_triangle_9x9_limited_checkers], layout_small_grid,
          minmay_lair_entry_lava, serial_shops, kennysheep_mini
D:12:     layout_irregular_city
D:13:     layout_cave_pods, hangedman_vaults_entry_quadrant_bands,
          portal_ice_cave_demonic_guard
D:14:     layout_roguey [special_room_orc], minivault_24
D:15:     hangedman_depths_entry_civil_slaughter, layout_stronghold,
          minmay_misc_feat_rugged, chequers_avenue,
          hangedman_abyss_or_decor_lesser_grid, minmay_fire_ice_demons
Temple:   corrupted_temple
Lair:1:   layout_regular_city, hellmonk_guarded_unrand_vines, lemuel_fruit_tree
Lair:2:   layout_hall_layers, palyth_hydra_swamp_entry, grunt_megastairs_4,
          infiniplex_staircase_pool_2
Lair:3:   nzn_winding_woodlands_huge [nzn_winding_woodlands_5x15_cabin,
          nzn_winding_woodlands_5x15_sawtooth,
          nzn_winding_woodlands_5x15_garden, nzn_winding_woodlands_5x15_crooked,
          nzn_winding_woodlands_5x15_jagged,
          nzn_winding_woodlands_5x15_longhouse,
          nzn_winding_woodlands_5x15_twine,
          nzn_winding_woodlands_5x15_concentric,
          nzn_winding_woodlands_5x15_split_checker,
          nzn_winding_woodlands_5x15_default,
          nzn_winding_woodlands_center_garden,
          nzn_winding_woodlands_center_lodge,
          nzn_winding_woodlands_15x15_killbox], layout_chaotic_city
Lair:4:   layout_cave_pods, basic_altar, lemuel_oklob_altar, grunt_megastairs_1
Lair:5:   minmay_lair_end_frog_pond, layout_big_grid,
          minmay_slime_entry_jelly_boxes, kennysheep_rathole
Orc:1:    layout_diamond_mine, uniq_snorg
Orc:2:    st_orc_pillars, layout_caves, gauntlet_entry_generic, serial_shops,
          nicolae_lakefront_shop

Skill      XL: |  1  2  3  4  5  6  7  8  9 10 11 12 13 14 15 |
---------------+----------------------------------------------+-----
Axes           | 2 3 4 5 8 9 11 12 14 15 16 17 18 | 18.8
Fighting       | 4 5 6 7 8 10 11 12 13 14 | 14.9
Throwing       | 4 7 9 11 | 11.5
Shields        | 4 7 9 11 | 11.3
Dodging        | 1 4 6 7 |  7.7
Armour         | |  2.6

Action                     |  1- 3 |  4- 6 |  7- 9 | 10-12 | 13-15 | 16-18 || total
---------------------------+-------+-------+-------+-------+-------+-------++-------
  Melee: War axe           |    90 |   204 |   365 |   676 |    42 |       ||  1377
         Broad axe         |       |       |       |       |   939 |    29 ||   968
  Throw: Boomerang         |       |       |       |     3 |       |       ||     3
 Invoke: Heroism           |       |       |       |     5 |     4 |       ||     9
         Finesse           |       |       |       |     1 |     1 |       ||     2
  Evoke: Wand              |       |     3 |     7 |    13 |       |       ||    23
    Use: Scroll            |     4 |     6 |     1 |    14 |    17 |     1 ||    43
         Potion            |     1 |     7 |     5 |    11 |     3 |     1 ||    28
   Stab: Paralysed         |       |    10 |    10 |     3 |       |       ||    23
         Distracted        |       |       |       |     1 |     2 |       ||     3
         Sleeping          |       |       |       |       |    16 |       ||    16
 Armour: Scale mail        |    48 |    88 |   136 |   344 |       |       ||   616
         Shadow dragon sca |       |       |       |    36 |   302 |       ||   338
         Crystal plate arm |       |       |       |       |    55 |    15 ||    70
  Dodge: Dodged            |    44 |    83 |   131 |   167 |   187 |    10 ||   622
  Block: Buckler           |    29 |    36 |   123 |       |       |       ||   188
         Kite shield       |       |       |    87 |   483 |   785 |    58 ||  1413

Table legend: (Time is in decaauts)
 A = Elapsed time spent in this place.
 B = Non-inter-level travel time spent in this place.
 C = Inter-level travel time spent in this place.
 D = Time resting spent in this place.
 E = Time spent auto-exploring this place.
 F = Levels seen in this place.
 G = Mean time per level.
                   A        B        C        D        E       F      G
               +--------+--------+--------+--------+--------+-----+--------+
         Total |  29596 |  28139 |   1457 |   5195 |  16658 |  26 | 1138.3 |
       Dungeon |  21330 |  20196 |   1134 |   4389 |  11939 |  15 | 1422.0 |
        Temple |     60 |     60 |      0 |      0 |      0 |   1 |   60.0 |
          Lair |   5401 |   5152 |    249 |    234 |   3754 |   5 | 1080.2 |
  Orcish Mines |    990 |    917 |     73 |      0 |    429 |   2 |  495.0 |
         Sewer |    155 |    155 |      0 |      0 |     95 |   1 |  155.0 |
      Ice Cave |    520 |    520 |      0 |    314 |     76 |   1 |  520.0 |
      Gauntlet |   1138 |   1138 |      0 |    258 |    365 |   1 | 1138.0 |
               +--------+--------+--------+--------+--------+-----+--------+

Top non-repeatable levels by time:
     D:5: 2647 daAuts
     D:8: 2269 daAuts
     D:7: 1763 daAuts
     D:6: 1710 daAuts
    D:11: 1671 daAuts
     D:9: 1649 daAuts
  Lair:3: 1466 daAuts
     D:4: 1464 daAuts
     D:3: 1365 daAuts
    D:10: 1234 daAuts
    D:13: 1180 daAuts
    D:15: 1165 daAuts
Gauntlet: 1138 daAuts
  Lair:2: 1089 daAuts
  Lair:4: 1058 daAuts
